 Dungeon Crawl Stone Soup version 0.15.2 (webtiles) character file.

6 hellewite the Chiller (level 1, 0/13 HPs)
             Began as a Mummy Ice Elementalist on Oct 22, 2015.
             Slain by a hobgoblin (4 damage)
             ... on Level 1 of the Dungeon.
             The game lasted 00:04:30 (454 turns).

hellewite the Chiller (Mummy Ice Elementalist)       Turns: 454, Time: 00:04:30

HP   0/13        AC  5     Str 11      XL: 1   Next: 75%
MP   3/3         EV  9     Int 14      God:
Gold 36          SH  0     Dex 12      Spells:  1 memorised,  3 levels left

rFire  x . .     SeeInvis .     e - +0 dagger
rCold  + . .     Clarity  .     c - +0 ring mail
rNeg   + + +     rCorr    .     (no shield)
rPois  +         rRot     +     (no helmet)
rElec  .         Spirit   .     (no cloak)
SustAb .         Warding  .     (no gloves)
rMut   .         Stasis   .     (no boots)
Gourm  .                        (no amulet)
MR     .....                    (no ring)
                                g - ring of positive energy

@: not resistant to hostile enchantments, very unstealthy
A: no food or potions, fire vulnerability, restore body, cold resistance 1,
negative energy resistance 3, poison resistance, torment resistance, unbreathing
a: no special abilities


You were on level 1 of the Dungeon.
You were not hungry.

You visited 1 branch of the dungeon, and saw 1 of its levels.

You collected 36 gold pieces.

Inventory:

Hand weapons
 e - a +0 dagger (weapon)
Missiles
 d - 2 tomahawks (quivered)
 f - 28 arrows
 h - 19 bolts
 j - 9 poisoned arrows
Armour
 a - a +0 robe
 c - a +0 ring mail (worn)
Scrolls
 i - a scroll of remove curse {unknown}
 k - a scroll of magic mapping {unknown}
Jewellery
 g - a ring of positive energy (left hand)
Books
 b - a book of Frost

   Spells                             Type                      Level
   *Freeze                            Ice                          1
   Throw Frost                        Conjuration/Ice              2
   Ozocubu's Armour                   Charms/Ice                   3
   Throw Icicle                       Conjuration/Ice              4
   Summon Ice Beast                   Ice/Summoning                4
   Condensation Shield                Ice                          4


   Skills:
 + Level 1.6 Dodging
 + Level 1.5 Stealth
 + Level 2.1 Spellcasting
   Level 0.7 Conjurations
 + Level 2.6 Ice Magic


You had 3 spell levels left.
You knew the following spells:

 Your Spells              Type           Power        Failure   Level  Hunger
a - Freeze                Ice            #...         14%         1    N/A

Dungeon Overview and Level Annotations

Branches:
Dungeon (1/15)

Altars:


Innate Abilities, Weirdness & Mutations

You do not eat or drink.
Your flesh is vulnerable to fire.
Your flesh is cold resistant.
You are immune to negative energy.
Your system is resistant to poisons.
You are immune to unholy pain and torment.
You can survive without breathing.


Message History

The hobgoblin throws a stone.
The stone hits you but does no damage.
You see here a stone.
You see here 11 bolts.
The hobgoblin throws a stone.
The stone closely misses you.
You see here a stone.
The hobgoblin throws a stone.
The stone hits you but does no damage.
You see here a stone.
The hobgoblin throws a stone.
The stone closely misses you.
The hobgoblin throws a stone.
The stone hits you.
You see here a stone.
The hobgoblin throws a stone.
The stone hits you.
You see here a stone.
The hobgoblin throws a stone.
The stone closely misses you.
The hobgoblin throws a stone.
The stone closely misses you. The hobgoblin hits you.
You hit the hobgoblin but do no damage.
The hobgoblin hits you but does no damage.
Your magical contamination has completely faded away.
You closely miss the hobgoblin. The hobgoblin hits you.
You die...

...# #.###.#####.#
#########'###
#.###.........#.#
#...#
#....#..##.##.#.#
#(###
##....#..##.##.#.#
#.#
...#.....##.##.#.#
######.###
...##.##.##.##.#.#
#........#
...+........##.#.###
#........#
...#.###..####..g>.#
#........###
####......# ##..@..#
########....
#####..###......#
#####
#..........#####
#######
##...####(#....#
#...... #####
#(#.##.# #.#####
#.#....#####.#
#(#.#....(...#
#(###.########
#.......#


You could see a hobgoblin.

Vanquished Creatures
  A hobgoblin (D:1)
  A giant newt (D:1)
  A goblin (D:1)
  2 kobolds (D:1)
  2 rats (D:1)
7 creatures vanquished.

Notes
Turn   | Place    | Note
--------------------------------------------------------------
     0 | D:1      | hellewite, the Mummy Ice Elementalist, began the quest for the Orb.
     0 | D:1      | Reached XP level 1. HP: 13/13 MP: 3/3
   454 | D:1      | Slain by a hobgoblin

Action                   || total
-------------------------++-------
Melee: Dagger            ||    14
 Cast: Freeze            ||     7
